 Dungeon Crawl Stone Soup version 0.31.0-11-ge490571c62 (webtiles) character file.

Game seed: 7696576722483787975

65 qw the Shooter (level 3, -1/20 HPs)
             Began as a Deep Elf Hunter on Feb 4, 2024.
             Slain by Sigmund
             ... wielding a +0 scythe
              (11 damage)
             ... on level 2 of the Dungeon.
             The game lasted 00:00:19 (781 turns).

qw the Shooter (Deep Elf Hunter)                     Turns: 781, Time: 00:00:20

Health: -1/20      AC:  3    Str: 10    XL:     3   Next: 92%
Magic:  5/5        EV: 12    Int: 13    God:
Gold:   91         SH:  0    Dex: 18    Spells: 2/2 levels left

rFire   . . .        a - +0 shortbow
rCold   . . .        (shield currently unavailable)
rNeg    . . .        c - +0 leather armour
rPois   .            (no helmet)
rElec   .            (no cloak)
rCorr   .            (no gloves)
SInv    .            (no boots)
Will    .....        (no amulet)
Stlth   ++           (no ring)
HPRegen 0.23/turn    (no ring)
MPRegen 0.09/turn

%: no passive effects
@: no status effects
A: no striking features
a: no special abilities


You were on level 2 of the Dungeon.
You visited 1 branch of the dungeon, and saw 2 of its levels.

You collected 91 gold pieces.


   Skills:
 - Level 1.5 Fighting
 + Level 7.4 Ranged Weapons
 - Level 2.4 Dodging
 - Level 1.2 Stealth


You had 2 spell levels left.
You didn't know any spells.
Your spell library was empty.

Inventory:

Hand Weapons
 a - a +0 shortbow (weapon)
Armour
 c - a +0 leather armour (worn)
Jewellery
 e - a ring of see invisible
Scrolls
 f - a scroll of identify {unknown}
 g - a scroll of teleportation
Potions
 b - a potion of might {unknown}
 d - a potion of attraction {unknown}
 h - 2 potions of invisibility {unknown}

Dungeon Overview and Level Annotations

Branches:
Dungeon (2/15)

Altars:

Shops:
D:1 [

Annotations:
D:2 Sigmund


Message History

The dart slug is almost dead.
You shoot an arrow.
The arrow hits the dart slug but does no damage.
The dart slug is almost dead.
You shoot an arrow. The arrow hits the dart slug!
You kill the dart slug!
You start resting.
HP restored.
Found an escape hatch in the floor.
A rat comes into view.
You shoot an arrow. The arrow hits the rat!
You kill the rat!
Found a whip.
An endoplasm comes into view.
You shoot an arrow. The arrow hits the endoplasm.
The endoplasm quivers.
The endoplasm is heavily wounded.
You shoot an arrow. The arrow hits the endoplasm!
You kill the endoplasm!
You see here a +0 whip.
Found an escape hatch in the ceiling.
Enter note: Sigmund the Dreaded comes into view.
He is wielding a +0 scythe.
You shoot an arrow. The arrow hits Sigmund.
Sigmund shouts!
Sigmund is lightly wounded.
Sigmund hits you from afar with a +0 scythe!
Ouch! That really hurt!
You shoot an arrow. The arrow hits Sigmund!
Sigmund is heavily wounded.
You shoot an arrow.
The arrow hits Sigmund but does no damage.
Sigmund is heavily wounded.
Sigmund mumbles some strange words.
Sigmund flickers and vanishes!
Deactivating autopickup; reactivate with Ctrl-A.
You shoot an arrow. Something hits you!
Ouch! That really hurt!
You die...

.###.[######.#
#......# .# .... #..
#......# .# .# %.
##. #............ .#
#.. ...<.>...##.####
.## ... ##.###...#
.# ..##.#.. #. #..##
# ......# #<##..#.
.#.##>#### #{....###
.........# ###@..#
.........#####.....#
...................#
.#.%...............#
.#.................#
.#.................#
.#..#####..........#
.#..# #..........#
...## #............


There were no monsters in sight!

Vanquished Creatures
  2 adders (D:2)
  3 dart slugs
  A ribbon worm (D:2)
  5 endoplasms
  3 giant cockroaches
  2 goblins
  A hobgoblin (D:2)
  2 jackals (D:1)
  3 kobolds (D:1)
  A quokka (D:2)
  2 ball pythons
  6 bats
  2 frilled lizards
  5 rats
38 creatures vanquished.

Notes
Turn   | Place    | Note
-------+----------+-------------------------------------------
     0 | D:1      | qw the Deep Elf Hunter began the quest for the Orb.
     0 | D:1      | Reached XP level 1. HP: 12/12 MP: 3/3
     0 | D:1      | 0 ||| qw: Version: 0.3-a-160-g6735b56
     0 | D:1      | 0 ||| qw: Game counter: 6087
     0 | D:1      | 0 ||| qw: Melee chars always use a shield: true
     0 | D:1      | 0 ||| qw: God list: Okawaru
     0 | D:1      | 0 ||| qw: Allow faded altars: false
     0 | D:1      | 0 ||| qw: Do Orc after clearing Dungeon:15 true
     0 | D:1      | 0 ||| qw: Do second Lair branch before Depths: true
     0 | D:1      | 0 ||| qw: Lair rune preference: random
     0 | D:1      | 0 ||| qw: Goals: Normal
     0 | D:1      | 0 ||| PLANNING D:1-11
   125 | D:1      | Reached skill level 6 in Ranged Weapons
   125 | D:1      | Reached XP level 2. HP: 15/16 MP: 4/4
   247 | D:1      | Found Oholuofa's Antique Armour Shop.
   255 | D:1      | 255 ||| SHOPLISTING ring mail (100 gold, have 16).
   255 | D:1      | 255 ||| SHOPLISTING runed scale mail (175 gold, have 16).
   255 | D:1      | 255 ||| SHOPLISTING scale mail (100 gold, have 16).
   422 | D:1      | 422 ||| READING scroll labelled ITTOQI CAPSILI.
   425 | D:1      | 425 ||| DROPPING scroll of butterflies.
   488 | D:2      | Reached XP level 3. HP: 20/20 MP: 5/5
   564 | D:2      | Reached skill level 7 in Ranged Weapons
   777 | D:2      | Noticed Sigmund
   781 | D:2      | Slain by Sigmund

Levels and vault maps discovered:
D:1:      giann_horns, layout_rooms, serial_shops, shop
D:2:      minmay_wonky_spiral, layout_rooms, chequers_jeans, uniq_sigmund

Skill      XL: |  1  2  3 |
---------------+----------+-----
Ranged Weapons | 6 7 |  7.4
Fighting       | |  1.5
Dodging        | |  2.4
Stealth        | |  1.2

Action                     || total
---------------------------++-------
   Fire: Shortbow          ||   107
    Use: Scroll            ||     1
 Armour: Leather armour    ||    23
  Dodge: Dodged            ||    18

Table legend:
 A = Non-vault XP
 B = Vault XP
 C = Vault XP percentage of total XP
 D = Non-vault monster count
 E = Vault monster count
 F = Vault count percentage of total count
                 A         B        C        D         E       F
            +---------+---------+-------+---------+---------+-------
      Total |      93 |       0 |   0.0 |      38 |       0 |   0.0
            +---------+---------+-------+---------+---------+-------
        D:1 |      36 |       0 |   0.0 |      20 |       0 |   0.0
        D:2 |      57 |       0 |   0.0 |      18 |       0 |   0.0
            +---------+---------+-------+---------+---------+-------
